 Dungeon Crawl Stone Soup version 0.30.0-10-gfe55d96785 (webtiles) character file.

Game seed: 15483303023232853042

522 Daunt the Chopper (level 7, -3/59 HPs)
             Began as a Meteoran Monk on May 15, 2023.
             Was a Priest of Makhleb.
             Slain by a wyvern (9 damage)
             ... on level 7 of the Dungeon.
             The game lasted 00:14:02 (1587 turns).

Daunt the Chopper (Meteoran Monk)                   Turns: 1587, Time: 00:14:02

Health: -3/59      AC:  6    Str: 13    XL:     7   Next: 75%
Magic:  8/8        EV: 12    Int: 11    God:    Makhleb [***...]
Gold:   63         SH:  0    Dex: 19    Spells: 6/6 levels left

rFire   . . .        p - +3 war axe
rCold   . . .        d - orb {light}
rNeg    . . .        g - +0 ring mail
rPois   .            (no helmet)
rElec   .            (no cloak)
rCorr   .            u - +0 pair of gloves
SInv    .            (no boots)
Will    .....        (no amulet) Stlth
                     (no ring)
HPRegen 0.29/turn    (no ring)
MPRegen 0.11/turn

%: no passive effects
@: confused, ambrosia-drunk, glowing
A: sense surroundings 1, otherworldly, glowing, explore regen
a: Renounce Religion, Minor Destruction, Lesser Servant of Makhleb


You were on level 7 of the Dungeon.
You worshipped Makhleb.
Makhleb was most pleased with you.
You visited 1 branch of the dungeon, and saw 7 of its levels.

You collected 63 gold pieces.

Inventory:

Hand Weapons
 a - a +0 falchion
 e - a +0 quarterstaff
 p - a +3 war axe (weapon)
Missiles
 f - 17 stones (quivered)
 j - 2 boomerangs
 z - 2 poisoned darts
Armour
 b - a +0 robe
 d - an orb of light (worn)
 g - a +0 ring mail (worn)
 u - a +0 pair of gloves (worn)
 y - a +0 kite shield
Jewellery
 o - the ring "Punuc" {Ice Will+ MP+9 Dex+4}
   (You found it on level 2 of the Dungeon)

   [ring of ice]

   It enhances your ice magic.
   Dex:       It affects your dexterity (+4).
   rF:        It makes you vulnerable to fire.
   rC:        It protects you from cold.
   MP:        It affects your magic capacity (+9).
   Will:      It increases your willpower.
 q - a ring of ice
Wands
 B - a wand of flame (13)
 C - a wand of paralysis (22)
Scrolls
 k - a scroll of fog {unknown}
 r - 2 scrolls of immolation
 s - a scroll of vulnerability {unknown}
 x - a scroll of enchant weapon {unknown}
 D - a scroll of magic mapping {unknown}
Potions
 l - a potion of resistance
 m - 2 potions of brilliance {unknown}
 n - 2 potions of degeneration {unknown}
 t - a potion of might {unknown}
 v - a potion of invisibility {unknown}
 w - 2 potions of haste {unknown}
 A - a potion of flight {unknown}


   Skills:
 - Level 4.3 Fighting
 + Level 5.1 Long Blades
 - Level 7.0 Axes
 - Level 4.2 Dodging


You had 6 spell levels left.
You didn't know any spells.
Your spell library contained the following spells:

 Spells                   Type           Power      Damage    Failure   Level
 Slow                     Hex            0%         N/A       61%         1
 Confusing Touch          Hex            0%         N/A       93%         3
 Summon Guardian Golem    Hex/Summ       0%         N/A       93%         3
 Vampiric Draining        Necr           0%         2d6       93%         3
 Orb of Destruction       Conj           0%         9d5       100%        7
 Spellforged Servitor     Conj/Summ      0%         N/A       100%        7


Dungeon Overview and Level Annotations

Branches:
Dungeon (8/15) Zot: 2594
 Temple: D:4-7         Lair: D:8-11

Altars:
Makhleb


Innate Abilities, Weirdness & Mutations

You passively map a small area around you.
You are easily found by Zot.
You glow in the dark.
You regain HP and MP as you explore.


Message History

You hear the faint creaking of a distant portcullis.
Found a mace.
You see here a +0 mace.
You are no longer corroded.
Found a sedimented green potion.
You see here a sedimented green potion.
n - 2 sedimented green potions (gained 1)
You hit the orc warrior.
The orc warrior is moderately wounded.
The orc warrior hits you with a +0 scimitar!
You hit the orc warrior.
The orc warrior is moderately wounded.
The orc warrior hits you with a +0 scimitar!
You slash the orc warrior!
The orc warrior is heavily wounded.
The orc warrior hits you with a +0 scimitar!!
You are too injured to fight recklessly!
You are too injured to fight recklessly!
A wyvern comes into view.
Okay, then.
Unknown command.
Unknown command.
Unknown command.
The orc warrior closely misses you. The wyvern closely misses you.
The wyvern attacks as you move away! The wyvern barely misses you.
The wyvern bites you!
* * * LOW HITPOINT WARNING * * *
The orc warrior attacks as you move away!
The orc warrior completely misses you. The wyvern bites you!
* * * LOW HITPOINT WARNING * * *
The wyvern bites you.
* * * LOW HITPOINT WARNING * * *
You are confused.
You feel invigorated. The wyvern bites you.
* * * LOW HITPOINT WARNING * * *
The wyvern barely misses you.
Unknown command.
The wyvern bites you!
You die...

*
*#......##.#.........#.#
#.###...#..#**#>.#....##
, ##..##.# ##........ ,
#.....#####.##..... *
#.#.......(.##..... *
#..............<... , *
* ##o.........##..)..
#l#######........o #@#
####..#####.# *>
#.####........##.# #.
*#.##.).##.....#..# , ,
....##...o###..#...#.##
........###...##.....# ,
, ....###.....####....##
## ** ####### #...##
#...# #...#


You could see an orc warrior and a wyvern.

Vanquished Creatures
  A sky beast (D:7)
  An ogre (D:5)
  A phantom (D:5)
  2 jellies
  An orc priest (D:3)
  An iguana (D:5)
  A gnoll (D:1)
  6 adders
  A shadow imp (D:7)
  3 worms
  2 dart slugs
  4 orcs
  3 ball pythons
  7 endoplasms
  4 giant cockroaches
  6 goblins
  7 hobgoblins
  6 jackals
  A quokka (D:1)
  A bat (D:2)
  2 frilled lizards
  9 kobolds
  2 rats
72 creatures vanquished.

Notes
Turn   | Place    | Note
-------+----------+-------------------------------------------
     0 | D:1      | Daunt the Meteoran Monk began the quest for the Orb.
     0 | D:1      | Reached XP level 1. HP: 19/19 MP: 2/2
    84 | D:1      | Reached XP level 2. HP: 17/26 MP: 3/3
   127 | D:1      | Reached XP level 3. HP: 27/31 MP: 4/4
   368 | D:2      | Reached XP level 4. HP: 33/40 MP: 5/5
   482 | D:2      | Found a burning altar of Makhleb.
   493 | D:2      | Became a worshipper of Makhleb the Destroyer
   493 | D:2      | Reached * piety under Makhleb
   493 | D:2      | Reached ** piety under Makhleb
   632 | D:2      | Identified the ring "Punuc" {Ice Will+ MP+9 Dex+4}
   706 | D:2      | Found a faded altar of an unknown god.
   756 | D:3      | Reached XP level 5. HP: 43/46 MP: 6/6
   831 | D:4      | Reached skill level 1 in Axes
   929 | D:4      | Reached skill level 2 in Axes
  1056 | D:3      | Reached skill level 3 in Axes
  1200 | D:4      | Reached *** piety under Makhleb
  1233 | D:5      | Entered Level 5 of the Dungeon
  1248 | D:5      | Reached XP level 6. HP: 25/52 MP: 7/7
  1279 | D:5      | Noticed an ogre
  1286 | D:5      | Killed an ogre
  1287 | D:5      | Reached skill level 5 in Axes
  1362 | D:5      | Reached XP level 7. HP: 55/59 MP: 8/8
  1380 | D:5      | Reached skill level 6 in Axes
  1387 | D:5      | You fall into a shaft and drop 3 floors!
  1520 | D:7      | Reached skill level 7 in Axes
  1532 | D:7      | Reached skill level 5 in Long Blades
  1576 | D:7      | Noticed a wyvern
  1584 | D:7      | HP: 2/59 [wyvern (4)]
  1587 | D:7      | Slain by a wyvern

Illustrated notes

Levels and vault maps discovered:
D:1:      reono_arrival_mine, layout_loops_cross
D:2:      layout_basic, basic_altar, basic_ecumenical_altar
D:3:      layout_loops_corners, minmay_hedge_maze, uniq_crazy_yiuf_cottage
D:4:      layout_gridville
D:5:      layout_gridville, minmay_gold_behind_fungi, uniq_pikel
D:7:      layout_rooms, enter_bailey_2
D:8:      layout_gridville, chequers_temple_overflow_minitemple

Skill      XL: |  1  2  3  4  5  6  7 |
---------------+----------------------+-----
Long Blades    | 4 5 |  5.1
Dodging        | 4 |  4.2
Fighting       | 4 |  4.3
Axes           | 3 5 7 |  7.0

Action                     |  1- 3 |  4- 6 |  7- 9 || total
---------------------------+-------+-------+-------++-------
  Melee: Falchion          |    66 |   109 |    35 ||   210
         War axe           |       |       |     7 ||     7
  Throw: Dart              |       |     1 |       ||     1
    Use: Scroll            |       |       |     3 ||     3
         Potion            |       |       |     2 ||     2
 Armour: Robe              |     1 |       |       ||     1
         Ring mail         |    26 |    27 |    11 ||    64
  Dodge: Dodged            |    26 |    55 |    17 ||    98
